Cogmind - Beta 10.2 @@@ ROGUE MODE // 2021.05.13 @ 23:42:26 Player: cavemonk Result: Destroyed by Heavy Explosive Trap Performance ------------- Evolutions (0) 0 Regions Visited (2) 400 Robots Destroyed (30) 150 Value Destroyed (300) 300 Prototype IDs (2) 40 Alien Tech Used (0) 0 Bonus (7) 7 TOTAL SCORE: 897 Bonus ------- Follower Combat Kills 21 Friendly Fire -14 Cogmind --------- Core Integrity 0/250 Matter 300/300 Energy 246/250 System Corruption 5% Temperature Cool (2) Movement Treading (180) Ox1 Location -10/Mines Parts ------- > --- POWER (1) -------- Ion Engine > --- PROPULSION (2) --- Light Treads Light Treads > --- UTILITY (2) ------ Large Storage Unit Large Storage Unit > --- WEAPON (2) ------- EM Pulse Gun EM Pulse Gun > --- INVENTORY (16) --- Ion Engine Light Treads Light Treads Light Treads Light Treads Large Storage Unit Large Storage Unit High-capacity Matter Pod (200) Light Armor Plating Hacking Suite EM Pulse Gun EM Pulse Gun EM Pulse Gun EM Pulse Gun Grenade Launcher Mining Laser Peak State ------------ > --- POWER ------------ Light Ion Engine > --- PROPULSION ------- Light Treads Wheel > --- UTILITY ---------- Large Storage Unit Large Storage Unit > --- WEAPON ----------- EM Pulse Gun Mining Laser > --- INVENTORY -------- Ion Engine Light Treads Large Storage Unit Large Storage Unit Large Storage Unit Large Storage Unit Improved Terrain Scanner Light Armor Plating EM Pulse Gun Beam Cannon Particle Cannon Particle Cannon Particle Cannon Particle Cannon Assault Rifle Grenade Launcher [Rating: 9] Favorites ----------- Power Ion Engine Engine Ion Engine Propulsion Light Treads Treads Light Treads Leg Aluminum Leg Wheel Wheel Utility Large Storage Unit Device Improved Terrain Scanner Storage Large Storage Unit Weapon EM Pulse Gun Energy Gun EM Pulse Gun Ballistic Gun Assault Rifle Launcher Grenade Launcher Special Weapon Mining Laser Build | -11 -10 -10 ------- Run | Scr Mat Min Slots Evolved . | . . . Power . | . . . Propulsion . | . . . Utility . | . . . Weapon . | . . . Parts Attached 33 | 3 27 3 Power 2 | . 2 . Engine 2 | . 2 . Core . | . . . Reactor . | . . . Propulsion 10 | 2 8 . Treads 8 | 1 7 . Leg . | . . . Wheel 2 | 1 1 . Hover . | . . . Flight . | . . . Utility 4 | 1 3 . Device 1 | 1 . . Storage 3 | . 3 . Processor . | . . . Hackware . | . . . Protection . | . . . Artifact . | . . . Weapon 17 | . 14 3 Energy Gun 9 | . 8 1 Energy Cannon . | . . . Ballistic Gun . | . . . Ballistic Cannon . | . . . Launcher 5 | . 4 1 Special Weapon 3 | . 2 1 Impact Weapon . | . . . Slashing Weapon . | . . . Piercing Weapon . | . . . Special Melee Weapon . | . . . Unidentified Prototypes . | . . . Parts Lost 2 | . 2 . Power . | . . . Propulsion 1 | . 1 . Utility . | . . . Weapon 1 | . 1 . Highest Loss Streak 1 | . 1 . Average Slot Usage (%) 99 | . 99 100 Engine 13 | . 13 14 Treads 24 | . 23 28 Wheel 3 | . 3 . Storage 27 | . 27 28 Energy Gun 25 | . 25 27 Naked Turns . | . . . Heaviest Build 41 | 12 41 41 Greatest Support 40 | 20 40 40 Greatest Overweight (x) 4 | 1 4 1 Average Overweight (x) 1 | . 1 1 Largest Inventory Capacity 16 | 6 16 16 Average Capacity 15 | 6 15 16 Most Carried 16 | 6 16 16 Average Carried 14 | 5 14 16 Final Capacity 16 | 6 16 16 Final Carried 16 | 4 16 16 Class Distribution -------------------- 100% | Mutant Dominant Class ---------------- Mutant | -10/Materials Mutant | -10/Mines Resources | -11 -10 -10 ----------- Run | Scr Mat Min Matter Collected 899 | 260 538 101 Remotely . | . . . Salvage Created 818 | 186 619 13 Parts 66 | 9 55 2 Haulers Intercepted 2 | . 2 . Recyclers Shooed 3 | . 2 1 Parts Field Recycled . | . . . Retrieved Matter . | . . . Parts Self-Destructed . | . . . Prevented . | . . . Kills | -11 -10 -10 ------- Run | Scr Mat Min Combat Hostiles Destroyed 14 | . 11 3 Guns 8 | . 8 . AOE 6 | . 3 3 Classes Destroyed 9 | 2 7 . Worker 2 | . 2 . Builder 1 | . 1 . Tunneler 5 | 5 . . Hauler 2 | . 2 . Recycler 3 | 1 2 . Operator 2 | . 2 . Watcher 1 | . 1 . Swarmer 12 | . 9 3 Grunt 2 | . 2 . Best Kill Streak 4 | 4 4 3 Combat Bots Only 3 | . 3 3 Max Kills in Single Turn 2 | 2 2 1 Gunslinging . | . . . Exploded 2 | . 2 1 Melee . | . . . Uniques/NPCs Destroyed . | . . . Combat | -11 -10 -10 -------- Run | Scr Mat Min Damage Taken 698 | 27 477 194 Core 251 | . 146 105 Absorbed by Shields . | . . . Core Remaining (%) 100 | 100 . . Volleys Fired 63 | 10 47 6 Largest 2 | 2 2 2 Hottest 100 | 60 100 80 Shots Fired 108 | 20 80 8 Gun 89 | 20 66 3 Cannon . | . . . Launcher 9 | . 4 5 Special 10 | . 10 . Kinetic 11 | 10 1 . Thermal 10 | . 10 . Explosive 9 | . 4 5 Electromagnetic 78 | 10 65 3 Robot Hit Streak 13 | 4 13 10 Robot Miss Streak 3 | 2 3 . Penetration Max . | . . . Secondary Targets 2 | . 2 . Max Gunslinging Chain 1 | . 1 . Shots Hit Robots 60 | 12 45 3 Core Hits 39 | 7 27 5 Critical Hits . | . . . Critical Kills . | . . . Critical Parts Destroyed . | . . . Melee Attacks . | . . . Impact . | . . . Slashing . | . . . Piercing . | . . . Sneak Attacks . | . . . Combat Hostiles . | . . . Follow-up Attacks . | . . . Damage Inflicted 1362 | 261 817 284 Guns 752 | 161 553 38 Cannons . | . . . Explosions 520 | 100 180 240 Melee . | . . . Ramming 90 | . 84 6 Kinetic 59 | 46 13 . Thermal 100 | 100 . . Explosive 420 | . 180 240 Electromagnetic 693 | 115 540 38 Impact . | . . . Slashing . | . . . Piercing . | . . . Highest Corruption 5 | . 5 5 Average Corruption 5 | . 5 5 Corruption Purged . | . . . Effects 45 | . 37 8 Message Errors 7 | . 7 . Matter Fused 14 | . 13 1 Heat Flow Errors 4 | . 4 . Energy Discharges 6 | . 4 2 Parts Rejected 1 | . 1 . Data Loss (minor) 3 | . 3 . Data Loss (major) 6 | . 3 3 Misfires 1 | . . 1 Targeting Errors 3 | . 2 1 Overload Shots . | . . . Overflow Damage 10 | 8 . 2 Projectiles . | . . . Explosions 10 | 8 . 2 Melee . | . . . Knockbacks 1 | . 1 . Impact 1 | . 1 . Kinetic . | . . . Secondary . | . . . Self-Inflicted Damage 82 | 27 . 55 Shots 4 | 1 . 3 Rammed 17 | . 14 3 Targets Rammed 18 | . 15 3 Kicked . | . . . Crushed 1 | . 1 . Highest Temperature 291 | 12 291 18 Average Temperature 48 | 12 50 8 Received Heat Transfer 42 | . 42 . Siege Activations . | . . . Robots Corrupted 1 | . 1 . Combat Hostiles . | . . . Parts Fried 8 | 1 7 . Impact Corruptions . | . . . Robots Melted . | . . . Combat Hostiles . | . . . Parts Melted 1 | 1 . . Heat Transferred 250 | 250 . . Parts Sabotaged . | . . . Parts Stolen . | . . . Parts Stripped . | . . . Power Chain Reactions 2 | 2 . . Missiles Intercepted . | . . . Alert | -11 -10 -10 ------- Run | Scr Mat Min Peak Influence 268 | 30 268 130 Initial 19 | . 19 . Average 88 | 17 93 85 Maximum Alert Level 1 | . 1 . Low Security (%) 91 | 100 89 100 Level 1 8 | . 10 . Level 2 . | . . . Level 3 . | . . . Level 4 . | . . . Level 5 . | . . . High Security . | . . . Max Security . | . . . Squads Dispatched 2 | . 2 . Investigation . | . . . Extermination . | . . . Reinforcement 2 | . 2 . Assault . | . . . Garrison . | . . . Intercept . | . . . Construction Impeded . | . . . Haulers Reinforced . | . . . Stealth | -11 -10 -10 --------- Run | Scr Mat Min Distress Signals . | . . . Communications Jammed . | . . . Distress Signals . | . . . Times Spotted 41 | . 35 6 Peak Tracking Total 5 | . 5 3 Tactical Retreats 1 | . 1 . Traps | -11 -10 -10 ------- Run | Scr Mat Min Traps Triggered . | . . . Indirectly . | . . . Trap Hack Attempts . | . . . Triggered . | . . . Disarmed . | . . . Reprogrammed . | . . . Reused . | . . . Traps Extracted . | . . . Installed 5 | . . 5 Triggered . | . . . Machines | -11 -10 -10 ---------- Run | Scr Mat Min Machines Disabled . | . . . Max in Single Turn . | . . . Machines Sabotaged . | . . . Garrisons Compromised . | . . . Overloaded Fab Kills . | . . . Fab Network Shutdowns . | . . . Hacking | -11 -10 -10 --------- Run | Scr Mat Min Machines Accessed 8 | . 8 . Terminals 6 | . 6 . Fabricators . | . . . Repair Stations 1 | . 1 . Recycling Units 1 | . 1 . Scanalyzers . | . . . Garrison Access . | . . . Total Hacks 38 | . 38 . Successful 27 | . 27 . Failed 11 | . 11 . Catastrophic 1 | . 1 . Database Lockouts . | . . . Manual 8 | . 8 . Terminals 17 | . 17 . Fabricators . | . . . Repair Stations 18 | . 18 . Recycling Units 3 | . 3 . Scanalyzers . | . . . Garrison Access . | . . . Terminal Hacks 6 | . 6 . Prototype ID Bank 1 | . 1 . Branch Access Points 1 | . 1 . Terminal Index 1 | . 1 . Recall Reinforcements 1 | . 1 . Hauler Manifests 1 | . 1 . Registered Prototypes 1 | . 1 . Fabricator Hacks . | . . . Repair Station Hacks 16 | . 16 . Scan Component 8 | . 8 . Repair 8 | . 8 . Recycling Unit Hacks 3 | . 3 . Process 1 | . 1 . Retrieve Matter 2 | . 2 . Scanalyzer . | . . . Garrison Access Hacks . | . . . Unauthorized Hacks 2 | . 2 . Terminals 2 | . 2 . Track 1 | . 1 . Botnet 1 | . 1 . Fabricators . | . . . Repair Stations . | . . . Recycling Units . | . . . Scanalyzers . | . . . Garrison Access . | . . . Data Cores Recovered . | . . . Used . | . . . Hacking Detections 8 | . 8 . Full Trace Events . | . . . Feedback Events . | . . . Feedback Blocked . | . . . Robot Schematics Acquired . | . . . Robots Built . | . . . Matter . | . . . Time . | . . . Total Robot Build Rating . | . . . Part Schematics Acquired . | . . . Parts Built . | . . . Matter . | . . . Time . | . . . Total Part Build Rating . | . . . Parts Repaired 8 | . 8 . Time 220 | . 220 . Parts Recycled . | . . . Recycled Matter 4 | . 4 . Retrieved Matter 4 | . 4 . Retrieved Components . | . . . Parts Scanalyzed . | . . . Part Schematics Acquired . | . . . Parts Damaged . | . . . Bothacking | -11 -10 -10 ------------ Run | Scr Mat Min Used RIF Installer . | . . . Robots Hacked . | . . . Non-combat . | . . . Combat . | . . . Robot Hacks Applied . | . . . Relay Couplers Released . | . . . Robots Rewired . | . . . Allies Hacked . | . . . Hacks Repelled . | . . . Allies | -11 -10 -10 -------- Run | Scr Mat Min Total Allies 3 | . . 3 Largest Group 3 | . . 3 Highest-Rated Group 40 | . . 40 Highest-Rated Ally 16 | . . 16 Total Orders . | . . . Ally Attacks 4 | . . 4 Total Damage 42 | . . 42 Kills 3 | . . 3 Allies Corrupted . | . . . Allies Melted . | . . . Intel | -11 -10 -10 ------- Run | Scr Mat Min Robot Analysis Total . | . . . Derelict Logs Recovered . | . . . Drone Launches . | . . . Drone Recoveries . | . . . Exploration | -11 -10 -10 ------------- Run | Scr Mat Min Turns Passed 2616 | 115 2051 450 Spaces Moved 1335 | 57 1043 235 Core . | . . . Treads 867 | . 632 235 Legs 41 | 41 . . Wheels 427 | 16 411 . Hover . | . . . Flight . | . . . Fastest Speed 90 | 90 90 180 Average Speed 153 | 111 149 180 Slowest Speed 180 | 120 180 180 Overloaded Moves . | . . . Propulsion Burnouts . | . . . Robots Hopped . | . . . Cave-ins Triggered 1 | . 1 . Exploration Rate (%) 50 | 3 94 54 Regions Visited 2 Branch Regions 1 Pre-discovered Areas . | . . . Known Exits Taken 1 | . 1 . Unknown Exits Taken 1 | 1 . . Scrap Searched 1 | . . 1 Spaces Dug 26 | . 26 . Terrain Destroyed 77 | 4 49 24 Melee . | . . . Projectile 10 | . 10 . AOE 67 | 4 39 24 Terrain Rammed . | . . . Walls Destroyed . | . . . Machines Disabled . | . . . Actions | -11 -10 -10 --------- Run | Scr Mat Min Total 1764 | 89 1423 252 Wait 258 | 16 242 . Move 1333 | 56 1042 235 Hop . | . . . Pick Up 32 | 1 31 . Fast Attach 8 | 1 7 . Attach 4 | 2 2 . Detach 2 | . 2 . Swap 21 | . 18 3 Drop 20 | 3 17 . Fire 63 | 10 47 6 Melee . | . . . Ram . | . . . Kick . | . . . Crush 18 | . 15 3 Escape Stasis . | . . . Rewire . | . . . Trap 5 | . . 5 Miscellaneous . | . . . Route ------- -11/Scrapyard -10/Materials (discovered 5 exits: [*Mat x3] / *Min x2) -10/Mines History --------- Turn | Location | Event 1 | -11/Scrapyard | Discovered new exit (range 2) 116 | -11/Scrapyard | Entered Materials 313 | -10/Materials | Build established: Mutant 331 | -10/Materials | Discovered new exit (range 16) 411 | -10/Materials | Discovered new exit (range 16) 509 | -10/Materials | Discovered new exit (range 13) 554 | -10/Materials | Identified exit to Mines 997 | -10/Materials | Crushed by falling debris 997 | -10/Materials | Core integrity fell below 50% 1054 | -10/Materials | Discovered new exit (range 4) 1442 | -10/Materials | Repaired Ion Engine 1470 | -10/Materials | Repaired Lgt. Treads 1497 | -10/Materials | Repaired EM Pulse Gun 1543 | -10/Materials | Repaired Grenade Launcher 1570 | -10/Materials | Repaired Lgt. Treads 1597 | -10/Materials | Repaired Lgt. Treads 1624 | -10/Materials | Repaired Lgt. Treads 1663 | -10/Materials | Repaired Hacking Suite 2167 | -10/Materials | Entered Mines 2231 | -10/Mines | Assisted by bots powering up and referring to "LRC-V3" 2509 | -10/Mines | Found a hidden stash of uninstalled traps 2617 | -10/Mines | Destroyed by Heavy Explosive Trap Last Messages --------------- 02315_ System corrupted: EM Pulse Gun misfires. 02354_ System corrupted: Energy discharge (-50). 02419_ Slammed into R-06 Scavenger. 02420_ Acquired 14 matter. 02424_ K-01 Serf collects debris. 02426_ Acquired 42 matter. 02427_ K-01 Serf collects debris. 02428_ Acquired 13 matter. 02431_ K-01 Serf collects debris. 02433_ Acquired 13 matter. 02434_ K-01 Serf collects debris. 02455_ Slammed into K-01 Serf. 02464_ System corrupted: Substantial component data lost. 02481_ K-01 Serf collects debris. 02509_ A stash of uninstalled traps is collected here! 02513_ Installed Heavy Explosive Trap. 02553_ System corrupted: Substantial component data lost. 02617_ Trooper 1a system corruption misinterpreted. 02617_ Trooper 1a triggered Heavy Explosive Trap. 02617_ An explosion rips through the floor. Map ----- +----------------------------------------------------+ | | | ??????????????????????????????????????????? | | ????????????####??????????????????????????? | | ???????????## #############??????????????? | | ??????????## % ###?????####???? | | ??????????# ##??## ##??? | | ??????????# ##### #### ##?? | | ?????????## ##???## ## """ #?? | | ??????#### ##?????# """ ##? | | ?????## ####??????## """ #? | | ?????# ##??????????# """ #? | | ????## ##???????????## #?? | | ##### #?????????????### #?? | | = = ##???????????????## ### #?? | | = ! ##????????????????## #?# ##? | | [####?????????????##### #?## #? | | ##???????????????## k #??# #? | | # #????????????????# ##??# #? | | ### ##????????????????# #???## ##? | | ??####?????????????????## ## #????####?? | | ????????????????????????# ### #?????????? | | ????????????????????????# ### #?????????? | | ????????????????????????#g ## #?????????? | | ????????????????????????# ^ #?????????? | | ???????????????????????## g ^ ##?????????? | | ???????????????????????# @ ^ ##??????????? | | ???????????????????????# ##???????????? | | ???????????????????????# ##????????????? | | ????????????????????? ##?????????????? | | ???????????????????# ##??????????????? | | ???????????????????##### #???????????????? | | ???????????????????????## #???????????????? | | ????????????????????????###???????????????? | | ??????????????????????????????????????????? | | ??????????????????????????????????????????? | | ??????????????????????????????????????????? | | ??????????????????????????????????????????? | | ??????????????????????????????????????????? | | ??????????????????????????????????????????? | | ??????????????????????????????????????????? | | ??????????????????????????????????????????? | | ??????????????????????????????????????????? | | ??????????????????????????????????????????? | | ??????????????????????????????????????????? | | ??????????????????????????????????????????? | | ??????????????????????????????????????????? | | ??????????????????????????????????????????? | | ??????????????????????????????????????????? | | ??????????????????????????????????????????? | | ??????????????????????????????????????????? | +----------------------------------------------------+ Best States ------------- Heat Dissipation 25 Energy Generation 10 Energy Capacity 250 Matter Stores 300 Matter Capacity 300 Sight Range 16 Terrain Scan Range 16 Terrain Scan Density 10 Evasion (%) 42 Recoil Reduction 2 Item Schematics ----------------- None Robot Schematics ------------------ None Fabricated ------------ Nothing Alien Tech Used ----------------- None Achievements -------------- None Challenges ------------ None Game ------ Seed AntimissileHugeTearclaws Manual? 0 Play Time 00:20:30 Cumulative 220.1 hours Start 2021.05.13 @ 23:23:11 End 2021.05.13 @ 23:42:26 Sessions 1 Manual Loads 0 Difficulty Rogue Special Mode None Game No. 142 Rogue 142 Adventurer 0 Explorer 0 Win Type - Total 4 Types 4/0/0/0/0/0/0/0/0 Lore% 47 Gallery% 69 Achievement% 54 Wizard Run 0 Options --------- ASCII 0 Keyboard 0 Movement Numpad Keybinds 0 Fullscreen 2 Font 18/TerminusBold Map View 76x50 Tactical HUD 1 Map Filters NONE Filters NONE Steam 1 RUN: b7ee556d-8a2c-42f1-97e2-ec15da533b62